AoeStats
← Cuervo

African Clearing

504640964Analyzed
4v4 RM · 26d ago on Sep 6, 2026· 74m 34s· 8 players
Game mode
Random Map
Map size
Large (8 player)
Population
200
Speed
Normal
Resources
Standard
Victory
Conquest
Starting age
Dark Age
Ending age
Imperial Age
RankedLock teamsTeams togetherTeam positionsShared explorationLock speedFull tech treeHidden civsTurbo modeCheats
Victory
Defeat
🇨🇳 Saracens · China
980
+17
🇨🇴 Portuguese · Colombia
976
+17
🇦🇷 Wei · Argentina
974
+18
🇧🇷 Aztecs · Brazil
965
+18
🇨🇱 Khmer · Chile
1085
-20
🇦🇷 Georgians · Argentina
1007
-18
🇦🇷 Vietnamese · Argentina
975
-16
🇦🇷 Magyars · Argentina
965
-16
soy el Nico
7:07 Loom
13:22 Feudal Age
22:02 Castle Age
32:11 Fletching
32:33 Scale Barding Armor
41:00 Bodkin Arrow
43:01 Chain Barding Armor
45:52 Thumb Ring
47:03 Ballistics
49:19 Tuntian
54:47 Guard Tower
57:56 Forging
58:53 Bloodlines
58:43 Husbandry
60:57 Iron Casting
66:44 Devotion
70:56 Imperial Age
69:42 Elite Skirmisher
70:30 Padded Archer Armor
71:27 Murder Holes
71:07 Onager
72:06 Bracer
73:10 Chemistry
72:21 Masonry
72:22 Heavy Hei Guang Cavalry
73:43 Conscription
el_joker
7:47 Loom
12:52 Feudal Age
13:32 Double-Bit Axe
18:49 Castle Age
17:46 Stone Mining
30:20 Wheelbarrow
39:31 Imperial Age
39:10 Forging
39:01 Scale Mail Armor
40:13 Bloodlines
42:06 Iron Casting
41:37 Scale Barding Armor
43:37 Husbandry
47:35 Chain Barding Armor
47:44 Gold Mining
48:25 Chain Mail Armor
47:46 Pikeman
49:26 Conscription
49:09 Arson
51:54 Blast Furnace
51:25 Plate Mail Armor
51:32 Halberdier
53:19 Plate Barding Armor
55:31 Arquebus
57:27 Elite Organ Gun
64:54 Cavalier
Faizcafria
7:01 Loom
14:08 Feudal Age
16:48 Double-Bit Axe
19:32 Arson
25:40 Castle Age
24:24 Forging
34:04 Squires
35:39 Wheelbarrow
38:46 Gold Mining
42:17 Fletching
44:11 Horse Collar
45:33 Bow Saw
49:33 Hand Cart
51:48 Heavy Plow
53:04 Eagle Warrior
53:33 Gambesons
57:40 Iron Casting
69:21 Pikeman
72:41 Imperial Age
70:35 Scale Mail Armor
71:33 Chain Mail Armor
开局一片田
11:59 Loom
16:13 Feudal Age
20:08 Castle Age
18:24 Double-Bit Axe
19:47 Stone Mining
20:09 Fishing Lines
20:22 Gold Mining
28:49 Scale Barding Armor
28:55 Forging
30:41 Bow Saw
31:49 Horse Collar
34:41 Gillnets
34:53 Heavy Plow
36:23 Wheelbarrow
38:08 Chain Barding Armor
41:51 Imperial Age
41:29 Hand Cart
41:53 Gold Shaft Mining
42:27 Iron Casting
42:14 Town Watch
41:58 Elite Mameluke
42:59 Conscription
43:18 Plate Barding Armor
44:31 Blast Furnace
45:54 Two-Man Saw
46:35 Counterweights
47:14 Bloodlines
49:20 Husbandry
50:25 Siege Engineers
50:38 Murder Holes
51:05 Ballistics
51:20 Padded Archer Armor
51:10 Fletching
55:34 Chemistry
54:14 Treadmill Crane
54:45 Masonry
57:18 Thumb Ring
59:04 Bodkin Arrow
59:25 Leather Archer Armor
61:19 Bracer
61:50 Ring Archer Armor
62:40 Coinage
64:39 Banking
Cuervo
9:42 Loom
12:40 Feudal Age
14:41 Double-Bit Axe
25:13 Castle Age
25:11 Bloodlines
30:28 Bow Saw
32:15 Fletching
32:35 Gold Mining
34:55 Elite Skirmisher
39:02 Wheelbarrow
42:56 Hand Cart
42:58 Light Cavalry
43:39 Husbandry
44:51 Sanctity
49:28 Imperial Age
48:31 Bodkin Arrow
48:37 Padded Archer Armor
48:38 Stone Mining
50:58 Imperial Skirmisher
52:31 Bracer
52:46 Leather Archer Armor
52:24 Imperial Skirmisher
53:33 Onager
58:06 Forging
58:02 Scale Barding Armor
62:48 Town Watch
67:27 Iron Casting
67:12 Chain Barding Armor
68:17 Hussar
CasquetE
10:47 Loom
13:47 Feudal Age
14:30 Double-Bit Axe
16:03 Town Watch
19:09 Fletching
24:50 Castle Age
23:46 Gold Mining
23:43 Horse Collar
25:45 Husbandry
25:34 Crossbowman
28:53 Bow Saw
35:08 Bodkin Arrow
42:37 Thumb Ring
48:19 Stone Mining
49:22 Ballistics
53:02 Padded Archer Armor
54:11 Wheelbarrow
57:26 Imperial Age
58:04 Hand Cart
57:44 Heavy Cavalry Archer
58:44 Leather Archer Armor
62:04 Chemistry
70:51 Paper Money
VZ | Thyrfing
7:04 Loom
14:21 Feudal Age
20:15 Double-Bit Axe
24:25 Castle Age
24:04 Gold Mining
26:28 Crossbowman
27:23 Fletching
27:34 Padded Archer Armor
29:37 Wheelbarrow
32:51 Leather Archer Armor
32:31 Bodkin Arrow
41:52 Ballistics
45:10 Imperial Age
47:07 Chemistry
46:47 Gold Shaft Mining
47:26 Horse Collar
48:03 Arbalester
48:49 Bracer
49:20 Ring Archer Armor
50:03 Double Crossbow
56:44 Stone Mining
58:26 Conscription
61:33 Hand Cart
61:17 Town Watch
61:36 Husbandry
GenericSiren331
12:03 Loom
14:23 Feudal Age
22:23 Scale Barding Armor
26:22 Castle Age
25:59 Bloodlines
27:57 Horse Collar
58:56 Corvinian Army
59:33 Corvinian Army
Connection lost

Rejoining the realm…

Still unreachable

The connection could not be restored.

Session expired

The server has moved on; the page needs a fresh start.